 Dungeon Crawl Stone Soup version 0.29.1-1-gd02db6906a (webtiles) character file.

Game seed: 1324171059684240998

52 Powertoast the Slasher (level 3, -2/34 HPs)
             Began as a Naga Monk on Sept 19, 2022.
             Slain by an orc priest
             ... wielding a +0 mace
              (4 damage)
             ... on level 2 of the Dungeon.
             The game lasted 00:06:41 (1603 turns).

Powertoast the Slasher (Naga Monk)                  Turns: 1603, Time: 00:06:42

Health: -2/34      AC:  8    Str: 13    XL:     3   Next: 85%
Magic:  3/3        EV: 10    Int: 10    God:
Gold:   25         SH:  0    Dex: 15    Spells: 2/2 levels left

rFire   . . .      SeeInvis +   a - +0 falchion
rCold   . . .      Faith    .   (no shield)
rNeg    . . .      Spirit   .   j - +3 leather armour
rPois   +          Reflect  .   (no helmet)
rElec   .          Harm     .   (no cloak)
rCorr   .          Rampage  .   i - +2 pair of gloves
Will    .....                   (no barding)
Stlth   ++........              (no amulet)
HPRegen 0.11/turn               (no ring)
MPRegen 0.08/turn               (no ring)

@: short of breath, attractive, hasted, quick
A: AC +1, large, see invisible, deformed body, poison resistance, slowness 2,
spit poison 1, naga tail 1
a: Spit Poison


You were on level 2 of the Dungeon.
You visited 1 branch of the dungeon, and saw 3 of its levels.

You collected 25 gold pieces.

Inventory:

Hand Weapons
 a - a +0 falchion (weapon)
Armour
 b - a +0 robe
 i - a +2 pair of gloves (worn)
 j - a +3 leather armour (worn)
Scrolls
 h - a scroll of noise {unknown}
 k - a scroll of amnesia {unknown}
 l - a scroll of poison {unknown}


   Skills:
 - Level 3.0 Fighting
 * Level 4.6 Long Blades
 - Level 2.4 Dodging
 - Level 3.0 Stealth


You had 2 spell levels left.
You didn't know any spells.
Your spell library contained the following spells:

 Spells                   Type           Power      Damage    Failure   Level
 Foxfire                  Conj/Fire      0%         2x1d4     43%         1
 Conjure Flame            Conj/Fire      0%         6-21      82%         3
 Inner Flame              Hex/Fire       0%         N/A       82%         3
 Flame Wave               Conj/Fire      0%         2d4       99%         4


Dungeon Overview and Level Annotations

Branches:
Dungeon (3/15)

Altars:

Annotations:
D:3 3 runed translucent doors


Innate Abilities, Weirdness & Mutations

Your serpentine skin is tough. (AC +1)
You have supernaturally acute eyesight. (SInv)
Armour fits poorly on your strangely shaped body.
Your system is resistant to poisons. (rPois)
You cover ground very slowly.
You can spit poison.
You have a snake-like lower body.


Message History

The orc hits you with a +3 short sword.
The orc priest hits you but does no damage.
You hit the orc priest but do no damage.
The orc priest is moderately wounded.
The orc hits you with a +3 short sword.
* * * LOW HITPOINT WARNING * * *
The orc priest looks satisfied for a moment.
You barely miss the orc priest.
The orc priest is moderately wounded.
The orc hits you but does no damage.
The orc priest hits you but does no damage.
Aiming: Spit Poison (2% risk of failure)
Press: ? - help, Q - select action Shift-Dir - straight line, f/p - orc priest
Aim: an orc priest, wielding a +0 mace and wearing a +0 ring mail (moderately wounded, 65% to hit)
The splash of poison hits the orc priest but does no damage.
The orc priest is moderately wounded.
The orc hits you with a +3 short sword.
* * * LOW HITPOINT WARNING * * *
The orc priest hits you but does no damage.
It was a potion of curing.
You feel better. The orc misses you. The orc priest hits you with a +0 mace.
* * * LOW HITPOINT WARNING * * *
It was a potion of magic.
Magic courses through your body. The orc hits you with a +3 short sword.
* * * LOW HITPOINT WARNING * * *
The orc priest closely misses you.
It was a potion of attraction.
You feel attractive to monsters. The orc hits you with a +3 short sword.
* * * LOW HITPOINT WARNING * * *
The orc priest closely misses you.
It was a potion of haste.
You feel yourself speed up. The orc closely misses you.
The orc priest hits you with a +0 mace.
* * * LOW HITPOINT WARNING * * *
You can't do that yet.
You aren't carrying any potions.
As you read the scroll labelled ENISHR CIRAST, it crumbles to dust.
You feel momentarily disoriented.
It was a scroll of magic mapping.
The orc barely misses you. The orc priest hits you with a +0 mace.
You die...

#.#.# ##########.#.#
#.......##.#.##
#.......'.....#
#.......##.#..#
###############!####.....#
...............>####..##.#
...########....oo.##..##.#
.#.##### #.....@.##.....#
..<....# #.......##.###.#
.......# ###..######.# ###
.......###.....(...#.#
.......#...#.###.###.#
.................# #.#
.......#####.#######.#
.......##............#
###+#.#.........######


You could see an orc priest and an orc.

Vanquished Creatures
  2 adders (D:2)
  A dart slug (D:2)
  2 orcs (D:3)
  5 endoplasms
  3 giant cockroaches
  2 goblins (D:2)
  4 hobgoblins
  2 ball pythons (D:1)
  3 bats
  3 frilled lizards
  A kobold (D:1)
  A rat (D:1)
29 creatures vanquished.

Notes
Turn   | Place    | Note
-------+----------+-------------------------------------------
     0 | D:1      | Powertoast the Naga Monk began the quest for the Orb.
     0 | D:1      | Reached XP level 1. HP: 21/21 MP: 1/1
   203 | D:1      | Found a faded altar of an unknown god.
   280 | D:1      | Reached XP level 2. HP: 28/28 MP: 2/2
   811 | D:2      | Reached skill level 4 in Long Blades
   811 | D:2      | Reached XP level 3. HP: 32/34 MP: 3/3
  1549 | D:3      | Found a runed translucent gate.
  1549 | D:3      | Found a runed translucent gate.
  1549 | D:3      | Found a runed translucent gate.
  1603 | D:2      | Slain by an orc priest

Illustrated notes

Levels and vault maps discovered:
D:1:      minmay_arrival_solitary_statue, layout_basic,
          shapermc_ecumenical_altar_pompeii
D:2:      layout_basic, minmay_misc_feat_hallway
D:3:      minmay_chambers_of_threes, layout_loops_ring,
          nemelex_xobeh_ov_fountains_minmay, gammafunk_ghost_icy, serial_shops,
          shop

Skill      XL: |  1  2 |
---------------+-------+-----
Long Blades    | 4 |  4.6
Fighting       | |  3.0
Dodging        | |  2.4
Stealth        | |  3.0

Action                   || total
-------------------------++-------
Melee: Falchion          ||    45
 Abil: Spit Poison       ||    34
  Use: Potion            ||     5
       Scroll            ||     1
 Stab: Sleeping          ||     2
Armor: Robe              ||     6
       Leather armour    ||    11
Dodge: Dodged            ||    26
